 Dungeon Sprint DCSS version 0.31-a0-960-g0fca184906 (webtiles) character file.

Game seed: 10009718273970845570

2016 sircluck the Grappler (level 9, -7/102 HPs)
             Began as a Troll Berserker on Oct 23, 2023.
             Was a High Priest of Trog.
             Mangled by a chaos spawn (16 damage)
             ... summoned by an orc sorcerer
             ... in the Dungeon (Sprint VII: "The Pits").
             The game lasted 00:01:29 (340 turns).

sircluck the Grappler (Troll Berserker)              Turns: 340, Time: 00:01:30

Health: -7/102     AC:  4    Str: 31    XL:     9   Next: 3%
Magic:  8/8        EV: 12    Int:  3    God:    Trog [*****.]
Gold:   0          SH:  0    Dex:  9    Spells: 8/8 levels left

rFire   . .          .
                       - Unarmed
rCold   . . .        (no shield)
rNeg    . . .        a - +0 animal skin
rPois   .            (helmet restricted)
rElec   .            (no cloak)
rCorr   .            (gloves unavailable)
SInv    .            (boots unavailable)
Will    .....        (no amulet)
Stlth   +            (no ring)
HPRegen 1.17/turn    (no ring)
MPRegen 0.11/turn

%: no teleportation
@: no status effects
A: large, unfitting armour, claws 3, regeneration 1, shaggy fur 1, tough skin 1
a: Renounce Religion, Berserk, Trog's Hand, Brothers in Arms


You were in the Dungeon.
You worshipped Trog.
Trog was extremely pleased with you.
You visited 1 branch

Inventory:

Armour
 a - a +0 animal skin (worn)
Scrolls
 g - a scroll of blinking
 i - 2 scrolls of vulnerability
Potions
 b - 4 potions of curing
 c - 5 potions of heal wounds
 d - a potion of haste
 e - 4 potions of magic
 f - 3 potions of berserk rage
 h - 2 potions of invisibility


   Skills:
 + Level 10.4 Fighting
 + Level 10.3 Dodging
 + Level 12.1 Unarmed Combat


You had 8 spell levels left.
You didn't know any spells.
Your spell library was empty.

Dungeon Overview and Level Annotations

Branches:
Dungeon (1/1)

Altars:
Ashenzari
Cheibriados
Dithmenos
Elyvilon
Fedhas
Gozag
Hepliaklqana
Kikubaaqudgha
Makhleb
Nemelex Xobeh
Okawaru
Qazlal
Ru
Sif Muna
Trog
Uskayaw
Vehumet
Wu Jian
Xom
Yredelemnul
Zin
The Shining One
Jiyva
Lugonu


Innate Abilities, Weirdness & Mutations

You are too large for most types of armour.
You have claws for hands.
Your natural rate of healing is unusually fast.
You are covered in fur. (AC +1)
You have tough skin. (AC +1)


Message History

The emperor scorpion stings you!!
* * * LOW HITPOINT WARNING * * *
You are lethally poisoned!
The emperor scorpion poisons you!
The emperor scorpion claws you but does no damage.
The emperor scorpion barely misses you.
Unknown command.
Unknown command.
You feel better.
Your two-headed ogre hits the emperor scorpion with a +0 giant spiked club!!
Your two-headed ogre hits the emperor scorpion with a +0 giant club!!
The emperor scorpion dies!
Trog accepts your kill.
Trog will now gift you melee weapons as you gain piety.
The adder zombie closely misses your butterfly.
The neqoxec hits your butterfly!
Your butterfly dies!
Your butterfly disappears in a burst of colours!
The orc sorcerer barely misses you. The chaos spawn closely misses you.
The chaos spawn gores your butterfly.
Your butterfly dies!
Your butterfly disappears in a burst of colours!
Your Fighting skill increases to level 10!
Your Dodging skill increases to level 10!
Your Unarmed Combat skill gained 2 levels and is now at level 12!
You have reached level 9!
Your experience leads to an increase in your attributes!
Increase (S)trength, (I)ntelligence, or (D)exterity?
You feel stronger. x3
Unknown command.
Unknown command.
Unknown command.
You barely miss the orc sorcerer. You claw the orc sorcerer.
The orc sorcerer is heavily wounded.
Your two-headed ogre barely misses the adder zombie.
Your two-headed ogre misses the adder zombie.
The orc sorcerer hits you with a +0 dagger!
* * * LOW HITPOINT WARNING * * *
The chaos spawn gores you!
You die...

#.#...)....##.......#
#.#........##.......#
#'###########.......#
#..)))).# #########
#.###††.# ######
#.#.....# #....#
#.#...#.#+#O...#
#.....#.#)DbZ..+
#...###.#'#@43.#
#....s.bDb#.o4.#
################


You could see a swamp dragon, a neqoxec (summoned), 2 chaos spawn, an orc
sorcerer, an adder zombie (strong, ally target) and a friendly two-headed ogre
(summoned, berserk).

Vanquished Creatures
  A spriggan druid (D)
  A glass eye (D)
  A centaur (D)
  An ogre (D)
  A kobold brigand (D)
  A scorpion (D)
  A wight (D)
  A gnoll bouda (D)
  An iron imp (D)
  4 gnolls (D)
  A river rat (D)
  An ufetubus (D)
  An orc (D)
  A ball python (D)
  An endoplasm (D)
  2 hobgoblins (D)
  A frilled lizard (D)
  A rat (D)
22 creatures vanquished.

Vanquished Creatures (collateral kills)
  An emperor scorpion (D)
1 creature vanquished.

Grand Total: 23 creatures vanquished

Notes
Turn   | Place    | Note
-------+----------+-------------------------------------------
     0 | D        | sircluck the Troll Berserker began the quest for the Orb.
     0 | D        | Reached XP level 1. HP: 22/22 MP: 0/0
    24 | D        | Found a bloodstained altar of Trog.
    24 | D        | Found a shimmering blue altar of Sif Muna.
    24 | D        | Found a viscous altar of Jiyva.
    24 | D        | Found a hazy altar of Hepliaklqana.
    24 | D        | Found an opulent altar of Gozag.
    25 | D        | Found a glowing golden altar of the Shining One.
    25 | D        | Found a glowing silver altar of Zin.
    25 | D        | Found a basalt altar of Yredelemnul.
    25 | D        | Found a shimmering altar of Xom.
    25 | D        | Found an ornate altar of the Wu Jian Council.
    25 | D        | Found a sacrificial altar of Ru.
    25 | D        | Found a stormy altar of Qazlal.
    25 | D        | Found an iron altar of Okawaru.
    25 | D        | Found a sparkling altar of Nemelex Xobeh.
    25 | D        | Found a burning altar of Makhleb.
    25 | D        | Found a blossoming altar of Fedhas.
    25 | D        | Found a white marble altar of Elyvilon.
    25 | D        | Found a shadowy altar of Dithmenos.
    25 | D        | Found a snail-covered altar of Cheibriados.
    29 | D        | Found a corrupted altar of Lugonu.
    29 | D        | Found a radiant altar of Vehumet.
    30 | D        | Found a broken altar of Ashenzari.
    30 | D        | Found an ancient bone altar of Kikubaaqudgha.
    30 | D        | Found a hide-covered altar of Uskayaw.
    71 | D        | Reached XP level 2. HP: 27/31 MP: 1/1
    75 | D        | Reached ** piety under Trog
    82 | D        | Reached skill level 4 in Unarmed Combat
    95 | D        | Noticed a kobold brigand
    95 | D        | Noticed a glass eye
   104 | D        | Killed a kobold brigand
   105 | D        | Reached skill level 5 in Unarmed Combat
   105 | D        | Reached XP level 3. HP: 40/40 MP: 2/2
   105 | D        | Reached XP level 4. HP: 49/49 MP: 3/3
   105 | D        | Reached *** piety under Trog
   122 | D        | Killed a glass eye
   123 | D        | Reached skill level 7 in Unarmed Combat
   123 | D        | Reached XP level 5. HP: 61/61 MP: 4/4
   123 | D        | Reached XP level 6. HP: 68/68 MP: 5/5
   184 | D        | Reached skill level 8 in Unarmed Combat
   186 | D        | Reached **** piety under Trog
   214 | D        | Reached ***** piety under Trog
   219 | D        | Reached skill level 9 in Unarmed Combat
   293 | D        | Reached XP level 7. HP: 66/79 MP: 6/6
   319 | D        | Noticed a spriggan druid
   321 | D        | Noticed an orc sorcerer
   321 | D        | Noticed a swamp dragon
   324 | D        | Noticed an emperor scorpion
   325 | D        | Killed a spriggan druid
   326 | D        | Reached skill level 10 in Unarmed Combat
   326 | D        | Reached XP level 8. HP: 74/92 MP: 7/7
   326 | D        | Paralysed by an orc sorcerer for 4 turns
   328 | D        | Noticed a sun demon
   338 | D        | HP: 2/92 [emperor scorpion[a spriggan druid] (26)]
   339 | D        | Killed an emperor scorpion
   340 | D        | Reached skill level 10 in Fighting
   340 | D        | Reached skill level 10 in Dodging
   340 | D        | Reached skill level 12 in Unarmed Combat
   340 | D        | Reached XP level 9. HP: 16/102 MP: 8/8
   340 | D        | Mangled by a chaos spawn

Illustrated notes

Levels and vault maps discovered:
D:        pitsprint [storerooms_1, entrance_room_1, metal_vault_1, armoury_2,
          mini_pit_1, grid_room_1, main_hall_1, silver_pit, the_coven_3,
          the_vestibule_1, steel_vault_5, golden_pit, hallway_of_sentries,
          crystal_vault_3, iron_vault_2, final_vault]

Skill      XL: |  1  2  3  4  5  6  7  8 |
---------------+-------------------------+-----
Fighting       | 3 4 6 7 9 10 | 10.4
Dodging        | 3 4 6 7 9 10 | 10.3
Unarmed Combat | 5 7 9 10 12 | 12.1

Action                     |  1- 3 |  4- 6 |  7- 9 || total
---------------------------+-------+-------+-------++-------
  Melee: Unarmed           |    19 |    41 |    14 ||    74
         Punch             |       |     3 |     1 ||     4
 Invoke: Berserk           |     1 |       |       ||     1
         Brothers in Arms  |       |       |     2 ||     2
    Use: Potion            |       |       |     3 ||     3
         Scroll            |       |       |     1 ||     1
 Armour: Animal skin       |    14 |    23 |    34 ||    71
  Dodge: Dodged            |     9 |    17 |    13 ||    39

Table legend: (Time is in decaauts)
 A = Elapsed time spent in this place.
 B = Non-inter-level travel time spent in this place.
 C = Inter-level travel time spent in this place.
 D = Time resting spent in this place.
 E = Time spent auto-exploring this place.
 F = Levels seen in this place.
 G = Mean time per level.
                   A        B        C        D        E       F      G
               +--------+--------+--------+--------+--------+-----+--------+
         Total |    342 |    342 |      0 |     13 |    131 |   1 |  342.0 |
       Dungeon |    342 |    342 |      0 |     13 |    131 |   1 |  342.0 |
               +--------+--------+--------+--------+--------+-----+--------+

Top non-repeatable levels by time:
       D: 342 daAuts
